AoeStats
← Omicronio

Lombardia

509970473Analyzed
3v3 RM · 3d ago on Sep 28, 2026· 34m 42s· 6 players
Game mode
Random Map
Map size
Normal (6 player)
Population
200
Speed
Normal
Resources
Standard
Victory
Conquest
Starting age
Dark Age
Ending age
Imperial Age
RankedLock teamsTeams togetherTeam positionsShared explorationLock speedFull tech treeHidden civsTurbo modeCheats
Victory
Defeat
🇨🇿 Franks · Czechia
1270
+17
1270
+17
🇧🇷 Mongols · Brazil
1206
+20
🇪🇸 Saxons · Spain
1302
-18
🇪🇸 Italians · Spain
1297
-18
🇪🇸 Persians · Spain
1287
-18
Wiđukind von Westfal
5:40 Loom
8:51 Feudal Age
9:26 Double-Bit Axe
13:07 Bloodlines
18:03 Forging
21:15 Castle Age
19:55 Scale Barding Armor
21:21 Wheelbarrow
21:31 Gold Mining
21:24 Horse Collar
21:18 Light Cavalry
22:37 Bow Saw
22:36 Husbandry
25:18 Iron Casting
27:10 Chain Barding Armor
29:41 Town Watch
32:07 Hand Cart
34:25 Fletching
Diablo
7:06 Loom
9:52 Feudal Age
10:21 Double-Bit Axe
18:06 Castle Age
18:11 Scale Barding Armor
18:20 Forging
21:44 Bow Saw
23:25 Husbandry
24:42 Iron Casting
27:32 Gold Mining
28:52 Chain Barding Armor
29:04 Stone Mining
30:11 Wheelbarrow
29:23 Town Watch
Komo Kazada
5:22 Loom
7:57 Feudal Age
10:26 Double-Bit Axe
13:42 Horse Collar
15:07 Forging
15:54 Wheelbarrow
22:12 Castle Age
21:07 Stone Mining
21:28 Fletching
21:38 Padded Archer Armor
23:21 Hand Cart
23:07 Bodkin Arrow
23:27 Leather Archer Armor
27:19 Bow Saw
29:43 Elite Skirmisher
32:31 Thumb Ring
32:51 Husbandry
33:01 Bloodlines
34:03 Ballistics
37:46 Imperial Age
Omicronio
10:13 Feudal Age
14:30 Castle Age
13:30 Double-Bit Axe
13:49 Horse Collar
18:34 Loom
25:17 Fletching
26:10 Town Watch
28:17 Wheelbarrow
27:55 Bow Saw
29:43 Hand Cart
29:31 Heavy Plow
29:22 Gold Mining
30:33 Bodkin Arrow
34:20 Imperial Age
32:01 Padded Archer Armor
33:24 Ballistics
34:50 Leather Archer Armor
PsychoDog
7:38 Loom
10:57 Feudal Age
16:40 Castle Age
15:30 Double-Bit Axe
15:32 Horse Collar
22:00 Bow Saw
22:29 Husbandry
24:46 Forging
28:38 Gold Mining
30:22 Iron Casting
32:39 Wheelbarrow
33:51 Scale Barding Armor
Kashmir
8:34 Loom
10:58 Feudal Age
16:34 Castle Age
15:31 Double-Bit Axe
15:28 Horse Collar
27:10 Bow Saw
30:37 Wheelbarrow
32:46 Gold Mining
33:06 Heavy Plow
32:58 Stone Mining
34:38 Fletching
34:58 Forging
34:49 Scale Mail Armor
Connection lost

Rejoining the realm…

Still unreachable

The connection could not be restored.

Session expired

The server has moved on; the page needs a fresh start.